[ AOE2 MATCH · #506180395 ]
UnrankedEthiopians vs Incas
Player's team · WIN
Rival team · LOSS
[ REPLAY ANALYSIS · EXTRACTED FROM THE RECORDED GAME ]
Feudal
9:15
Castle
—
Imperial
—
| APM avg | 86.3 |
| APM peak | 144 |
| eAPM avg | 44.4 |
| Villagers / military | 55 / 21 |
Focus
⚔️ 62.0% · 🌾 38.0%
Archer ×12 · Scout Cavalry ×8 · Skirmisher ×1
Feudal
8:51
Castle
—
Imperial
—
| APM avg | 58.7 |
| APM peak | 75 |
| eAPM avg | 27.7 |
| Villagers / military | 47 / 13 |
Focus
⚔️ 33.1% · 🌾 66.9%
Skirmisher ×8 · Spearman ×5
Match map
Initial resources + every placement click. Lines = walls · curves = elevation contours. ◆ gold · ⬟ stone · ● berries · ✦ relic · ◌ wall gap
Your base· Open — unwalled flank
OS+ | Sziky's base· Open — unwalled flank
Smoothed initial terrain · ◌ = detected wall gap · hover for details
Inputs per minute
— SalzZ_wide - - OS+ | Sziky
Build order — SalzZ_wide
127 actions detected in the replay
| 0:00 | Queue | Villager (Male) |
| 0:00 | Queue | Villager (Male) |
| 0:01 | Queue | Villager (Male) |
| 0:01 | Queue | Villager (Male) |
| 0:02 | Build | House |
| 0:03 | Build | House |
| 1:23 | Queue | Villager (Male) |
| 1:23 | Queue | Villager (Male) |
| 1:45 | Build | Lumber Camp |
| 1:58 | Queue | Villager (Male) |
| 1:58 | Queue | Villager (Male) |
| 2:11 | Queue | Villager (Male) |
| 2:42 | Queue | Villager (Male) |
| 3:01 | Queue | Villager (Male) |
| 3:07 | Build | House |
| 3:08 | Build | House |
| 3:28 | Queue | Villager (Male) |
| 3:52 | Queue | Villager (Male) |
| 4:15 | Build | Mill |
| 4:31 | Queue | Villager (Male) |
| 4:37 | Queue | Villager (Male) |
| 5:04 | Queue | Villager (Male) |
| 5:07 | Queue | Villager (Male) |
| 5:38 | Queue | Villager (Male) |
| 5:53 | Queue | Villager (Male) |
| 5:58 | Research | Loom |
| 5:59 | Build | Palisade Wall |
| 6:55 | Research | Feudal Age |
| 7:31 | Queue | Villager (Male) |
| 7:47 | Build | Barracks |
| 7:58 | Queue | Villager (Male) |
| 8:05 | Build | Palisade Wall |
| 8:26 | Queue | Villager (Male) |
| 8:36 | Build | Palisade Wall |
| 8:50 | Build | Palisade Wall |
| 8:52 | Build | Palisade Wall |
| 8:54 | Build | Palisade Wall |
| 9:15 | Age | Feudal Age |
| 9:17 | Build | Stable |
| 9:21 | Build | Palisade Wall |
| 9:23 | Queue | Villager (Male) |
| 9:32 | Queue | Villager (Male) |
| 9:37 | Build | House |
| 9:40 | Queue | Villager (Male) |
| 9:41 | Queue | Villager (Male) |
| 9:51 | Queue | Villager (Male) |
| 10:00 | Queue | Scout Cavalry |
| 10:00 | Queue | Scout Cavalry |
| 10:01 | Queue | Villager (Male) |
| 10:10 | Research | Double-Bit Axe |
| 10:11 | Queue | Villager (Male) |
| 10:15 | Research | Horse Collar |
| 10:21 | Queue | Scout Cavalry |
| 10:45 | Build | House |
| 10:47 | Queue | Scout Cavalry |
| 10:50 | Queue | Villager (Male) |
| 10:54 | Build | Archery Range |
| 11:00 | Build | Farm |
| 11:15 | Queue | Villager (Male) |
| 11:20 | Queue | Villager (Male) |
| 11:28 | Build | Farm |
| 11:30 | Build | Farm |
| 11:47 | Queue | Archer |
| 11:51 | Queue | Villager (Male) |
| 11:53 | Queue | Scout Cavalry |
| 12:11 | Queue | Villager (Male) |
| 12:24 | Queue | Villager (Male) |
| 12:25 | Queue | Archer |
| 12:26 | Build | Mining Camp |
| 12:30 | Build | Farm |
| 12:45 | Build | Farm |
| 12:47 | Queue | Archer |
| 12:51 | Queue | Villager (Male) |
| 12:53 | Build | House |
| 13:32 | Queue | Archer |
| 13:33 | Queue | Villager (Male) |
| 13:35 | Build | Watch Tower |
| 13:39 | Build | Farm |
| 13:41 | Build | Farm |
| 13:51 | Build | Mill |
| 13:54 | Build | Farm |
| 13:56 | Queue | Villager (Male) |
| 14:33 | Build | Farm |
| 14:33 | Queue | Villager (Male) |
| 14:35 | Queue | Archer |
| 14:40 | Build | House |
| 14:41 | Build | House |
| 14:52 | Queue | Villager (Male) |
| 15:25 | Queue | Villager (Male) |
| 15:25 | Queue | Archer |
| 15:31 | Queue | Villager (Male) |
| 15:34 | Build | Farm |
| 15:34 | Build | Farm |
| 15:43 | Queue | Archer |
| 15:50 | Build | House |
| 16:02 | Queue | Villager (Male) |
| 16:18 | Build | Farm |
| 16:18 | Queue | Villager (Male) |
| 16:19 | Build | Farm |
| 16:27 | Queue | Scout Cavalry |
| 16:32 | Queue | Villager (Male) |
| 16:40 | Build | Blacksmith |
| 16:59 | Queue | Villager (Male) |
| 17:18 | Queue | Villager (Male) |
| 17:20 | Build | House |
| 17:23 | Build | Farm |
| 17:24 | Build | Farm |
| 17:34 | Research | Fletching |
| 17:48 | Queue | Villager (Male) |
| 17:52 | Queue | Skirmisher |
| 17:54 | Queue | Archer |
| 17:54 | Queue | Archer |
| 17:55 | Build | Farm |
| 17:56 | Queue | Villager (Male) |
| 18:12 | Queue | Villager (Male) |
| 18:27 | Queue | Archer |
| 18:42 | Queue | Archer |
| 18:49 | Queue | Scout Cavalry |
| 18:50 | Queue | Villager (Male) |
| 19:01 | Queue | Villager (Male) |
| 19:04 | Build | Farm |
| 19:04 | Build | Farm |
| 19:04 | Queue | Villager (Male) |
| 19:20 | Queue | Scout Cavalry |
| 19:21 | Queue | Villager (Male) |
| 19:30 | Queue | Villager (Male) |
| 19:30 | Queue | Archer |
Build order — OS+ | Sziky
116 actions detected in the replay
| 0:01 | Queue | Villager (Male) |
| 0:02 | Build | House |
| 0:08 | Queue | Villager (Male) |
| 0:09 | Queue | Villager (Male) |
| 0:22 | Queue | Villager (Male) |
| 1:20 | Queue | Villager (Male) |
| 1:45 | Build | Settlement |
| 1:53 | Queue | Villager (Male) |
| 2:18 | Queue | Villager (Male) |
| 2:48 | Queue | Villager (Male) |
| 3:04 | Queue | Villager (Male) |
| 3:38 | Queue | Villager (Male) |
| 3:55 | Queue | Villager (Male) |
| 3:57 | Queue | Villager (Male) |
| 4:28 | Queue | Villager (Male) |
| 4:46 | Build | Settlement |
| 4:52 | Queue | Villager (Male) |
| 5:22 | Queue | Villager (Male) |
| 5:23 | Research | Loom |
| 6:39 | Research | Feudal Age |
| 7:02 | Build | Barracks |
| 7:39 | Queue | Villager (Male) |
| 8:28 | Queue | Villager (Male) |
| 8:32 | Build | House |
| 8:51 | Age | Feudal Age |
| 8:53 | Build | Archery Range |
| 8:55 | Research | Double-Bit Axe |
| 8:57 | Queue | Spearman |
| 9:02 | Queue | Villager (Male) |
| 9:07 | Queue | Spearman |
| 9:23 | Build | Watch Tower |
| 9:26 | Queue | Villager (Male) |
| 9:36 | Queue | Skirmisher |
| 9:40 | Queue | Villager (Male) |
| 9:46 | Queue | Skirmisher |
| 9:57 | Build | Palisade Wall |
| 10:01 | Build | Palisade Wall |
| 10:10 | Queue | Villager (Male) |
| 10:17 | Queue | Villager (Male) |
| 10:54 | Build | Watch Tower |
| 10:56 | Queue | Villager (Male) |
| 11:01 | Build | House |
| 11:02 | Build | Palisade Wall |
| 11:03 | Build | Palisade Wall |
| 11:05 | Build | Palisade Wall |
| 11:13 | Queue | Skirmisher |
| 11:22 | Queue | Villager (Male) |
| 11:32 | Build | Settlement |
| 11:42 | Queue | Villager (Male) |
| 11:55 | Build | Outpost |
| 12:03 | Build | Watch Tower |
| 12:07 | Build | Watch Tower |
| 12:10 | Build | Watch Tower |
| 12:11 | Queue | Villager (Male) |
| 12:25 | Queue | Spearman |
| 12:31 | Build | Farm |
| 12:32 | Build | Farm |
| 12:33 | Build | Farm |
| 12:36 | Build | Farm |
| 12:57 | Queue | Villager (Male) |
| 13:04 | Build | Farm |
| 13:07 | Build | Farm |
| 13:16 | Queue | Villager (Male) |
| 13:21 | Build | Watch Tower |
| 13:31 | Queue | Spearman |
| 13:34 | Build | Farm |
| 13:50 | Queue | Villager (Male) |
| 13:52 | Build | Farm |
| 14:07 | Build | House |
| 14:19 | Queue | Villager (Male) |
| 14:25 | Build | Farm |
| 14:27 | Build | Farm |
| 14:31 | Queue | Villager (Male) |
| 14:37 | Build | Palisade Wall |
| 14:43 | Queue | Villager (Male) |
| 15:01 | Queue | Villager (Male) |
| 15:07 | Build | Watch Tower |
| 15:19 | Queue | Villager (Male) |
| 15:27 | Queue | Skirmisher |
| 15:55 | Build | Settlement |
| 16:04 | Queue | Villager (Male) |
| 16:17 | Queue | Villager (Male) |
| 16:23 | Queue | Villager (Male) |
| 16:28 | Build | Blacksmith |
| 16:31 | Queue | Villager (Male) |
| 16:47 | Queue | Villager (Male) |
| 17:03 | Queue | Villager (Male) |
| 17:11 | Queue | Villager (Male) |
| 17:13 | Build | Farm |
| 17:15 | Build | Farm |
| 17:28 | Queue | Villager (Male) |
| 17:39 | Queue | Skirmisher |
| 17:43 | Build | Farm |
| 17:44 | Build | Farm |
| 17:46 | Build | Farm |
| 17:47 | Queue | Skirmisher |
| 17:52 | Build | Palisade Wall |
| 17:54 | Build | Palisade Wall |
| 17:54 | Build | Palisade Wall |
| 17:54 | Build | Palisade Wall |
| 17:55 | Build | Palisade Wall |
| 17:55 | Build | Palisade Wall |
| 17:55 | Build | Palisade Wall |
| 17:55 | Build | Palisade Wall |
| 17:55 | Build | Palisade Wall |
| 18:00 | Research | Fletching |
| 18:02 | Queue | Villager (Male) |
| 18:08 | Build | Farm |
| 18:25 | Queue | Villager (Male) |
| 18:27 | Queue | Skirmisher |
| 18:47 | Queue | Villager (Male) |
| 18:50 | Build | Settlement |
| 19:03 | Queue | Villager (Male) |
| 19:04 | Queue | Skirmisher |
| 19:05 | Queue | Spearman |
| 19:14 | Queue | Villager (Male) |
Match timeline
| 5:59 | SalzZ_wide · wall_segment Palisade Wall x1 |
| 7:02 | OS+ | Sziky · first_building Barracks |
| 7:47 | SalzZ_wide · first_building Barracks |
| 8:05 | SalzZ_wide · wall_segment Palisade Wall x10 |
| 8:36 | SalzZ_wide · wall_segment Palisade Wall x1 |
| 8:50 | SalzZ_wide · wall_segment Palisade Wall x1 |
| 8:51 | OS+ | Sziky · age_up feudal |
| 8:52 | SalzZ_wide · wall_segment Palisade Wall x1 |
| 8:53 | OS+ | Sziky · first_building Archery Range |
| 8:54 | SalzZ_wide · wall_segment Palisade Wall x1 |
| 9:15 | SalzZ_wide · age_up feudal |
| 9:17 | SalzZ_wide · first_building Stable |
| 9:21 | SalzZ_wide · wall_segment Palisade Wall x6 |
| 9:57 | OS+ | Sziky · wall_segment Palisade Wall x1 |
| 10:01 | OS+ | Sziky · wall_segment Palisade Wall x1 |
| 10:54 | SalzZ_wide · first_building Archery Range |
| 11:02 | OS+ | Sziky · wall_segment Palisade Wall x1 |
| 11:03 | OS+ | Sziky · wall_segment Palisade Wall x1 |
| 11:05 | OS+ | Sziky · wall_segment Palisade Wall x1 |
| 14:37 | OS+ | Sziky · wall_segment Palisade Wall x11 |
| 17:52 | OS+ | Sziky · wall_segment Palisade Wall x1 |
| 17:54 | OS+ | Sziky · wall_segment Palisade Wall x1 |
| 17:54 | OS+ | Sziky · wall_segment Palisade Wall x1 |
| 17:54 | OS+ | Sziky · wall_segment Palisade Wall x1 |
| 17:55 | OS+ | Sziky · wall_segment Palisade Wall x1 |
| 17:55 | OS+ | Sziky · wall_segment Palisade Wall x2 |
| 17:55 | OS+ | Sziky · wall_segment Palisade Wall x1 |
| 17:55 | OS+ | Sziky · wall_segment Palisade Wall x1 |
| 17:55 | OS+ | Sziky · wall_segment Palisade Wall x1 |
| 19:32 | OS+ | Sziky · resign |
[ AI ANALYSIS · 1 CREDIT ]
What really happened in this match?
Wolo.gg analyzes every decision: build order, eco, micro, common mistakes by bracket. Personalized analysis on WhatsApp or Discord in 30 seconds.
Civ guide
Ethiopians
Perfil
Jugador #3747802